 Dungeon Crawl Stone Soup version 0.22-a0-407-gb098539 (webtiles) character file.

27 dstrtnsr the Chopper (level 3, -3/33 HPs)
             Began as a Hill Orc Berserker on May 9, 2018.
             Was a Follower of Trog.
             Slain by an adder (4 damage)
             ... on level 2 of the Dungeon.
             The game lasted 00:00:42 (500 turns).

dstrtnsr the Chopper (Hill Orc Berserker)            Turns: 500, Time: 00:00:42

Health: -3/33      AC:  6    Str: 20    XL:     3   Next: 10%
Magic:  3/3        EV: 11    Int:  7    God:    Trog [*.....]
Gold:   6          SH:  0    Dex: 10    Spells: 2/2 levels left

rFire    . . .     SeeInvis .   a - +0 hand axe
rCold    . . .     Gourm    .   (no shield)
rNeg     . . .     Faith    .   c - +0 ring mail
rPois    .         Spirit   .   (no helmet)
rElec    .         Reflect  .   (no cloak)
rCorr    .         Harm     .   (no gloves)
MR       .....                  h - +0 pair of boots
Stlth    ..........             (no amulet)
HPRegen  0.11/turn              (no ring)
MPRegen  0.08/turn              (no ring)

@: lethally poisoned (-3 -> -7), berserk cooldown, slowed, very slow
A: no striking features
a: Berserk, Renounce Religion


You were on level 2 of the Dungeon.
You worshipped Trog.
Trog was aware of your devotion.
You were not hungry.

You visited 1 branch of the dungeon, and saw 2 of its levels.

You collected 6 gold pieces.

Inventory:

Hand Weapons
 a - a +0 hand axe (weapon)
Armour
 c - a +0 ring mail (worn)
 h - a +0 pair of boots (worn)
Scrolls
 b - a scroll of magic mapping
 f - a scroll of identify {@r1}
Potions
 g - a potion of ambrosia
Comestibles
 d - 2 chunks of flesh
 e - 3 rations {!d}


   Skills:
 + Level 4.1 Fighting
 * Level 5.1 Axes
 - Level 2.1 Armour
 - Level 1.5 Dodging


You had 2 spell levels left.
You didn't know any spells.

Dungeon Overview and Level Annotations

Branches:
Dungeon (2/15)

Altars:


Message History

An adder is nearby!
A red film seems to cover your vision as you go berserk!
You feel yourself moving faster!
You feel mighty!
You feel quite a bit more hungry. The adder bites you.
You barely miss the adder. The adder bites you but does no damage.
Your ring mail prevents you from hitting the adder.
The adder bites you.
Some of the chunks of flesh in your inventory have rotted away.
You slash the adder!
The adder is almost dead.
The adder bites you.
You slash the adder!
You kill the adder!
Trog accepts your kill.
Your Axes skill increases to level 5!
You have reached level 3!
Your experience leads to an increase in your attributes!
Your base attributes are Str 19, Int 7, Dex 10.
Increase (S)trength, (I)ntelligence, or (D)exterity?
You feel stronger.
A ball python comes into view.
Unknown command.
The ball python hisses angrily.
You hear a shout!
You hear an angry hiss.
You feel a strong urge to attack something.
A hobgoblin comes into view. It is wielding a club.
The hobgoblin shouts!
You hear a shout!
You hear an angry hiss.
You feel your anger nearly subside.
A kobold comes into view.
You are no longer berserk.
You are exhausted.
You feel yourself slow down.
The kobold shouts!
The ball python barely misses you. x2
The hobgoblin hits you but does no damage.
Found a hand axe.
You closely miss the ball python. You barely miss the hobgoblin.
The ball python closely misses you. The ball python grabs you.
The ball python constricts you. The hobgoblin hits you with a club.
The ball python bites you but does no damage.
The ball python constricts you.
An adder comes into view.
You hit the ball python.
The ball python is moderately wounded.
You hit the hobgoblin. The ball python barely misses you.
The ball python constricts you.
The hobgoblin hits you but does no damage.
The ball python barely misses you. The ball python constricts you.
An adder comes into view.
The adder hisses angrily.
You hit the ball python.
You kill the ball python!
Trog accepts your kill.
You hit the hobgoblin. The hobgoblin hits you with a club.
The hobgoblin hits you but does no damage.
A bat comes into view.
You hit the hobgoblin.
You kill the hobgoblin!
Trog accepts your kill.
The kobold throws a stone.
The stone hits you but does no damage. The adder bites you.
You miss the adder. The bat completely misses you. The bat barely misses you.
The adder bites you.
You are poisoned.
The adder poisons you!
The kobold throws a stone.
The stone misses you.
As you read the scroll labeled YNUDOCUEDE, it crumbles to dust.
It is a scroll of identify.
b - a scroll of magic mapping You feel sick.
The bat hits you but does no damage. The adder closely misses you.
The adder bites you but does no damage.
As you read the scroll of identify {@r1}, it crumbles to dust.
g - a potion of ambrosia You feel sick.
The bat closely misses you. The bat misses you.
The adder bites you but does no damage. The adder bites you.
The adder closely misses you. x2; The bat hits you but does no damage.
You feel sick. The bat hits you but does no damage. The adder bites you.
You are more poisoned.
The adder poisons you! The adder bites you.
You are more poisoned.
The adder poisons you! The adder bites you.
You feel sick. The bat hits you but does no damage.
The adder closely misses you.
* * * LOW HITPOINT WARNING * * *
You feel sick. The bat barely misses you. The adder bites you.
* * * LOW HITPOINT WARNING * * *
* * * LOW HITPOINT WARNING * * *
You feel sick. The bat barely misses you. The adder bites you.
* * * LOW HITPOINT WARNING * * *
* * * LOW HITPOINT WARNING * * *
You feel sick. The bat hits you but does no damage.
The adder closely misses you.
Unknown command.
You hit the adder.
The adder is heavily wounded.
* * * LOW HITPOINT WARNING * * *
You feel sick. The adder misses you. The adder bites you but does no damage.
You hit the adder.
The adder is heavily wounded.
* * * LOW HITPOINT WARNING * * *
You feel sick. The adder barely misses you. The adder bites you.
You die...

. .....## #.
.#....# #. .......
#.###.######.......
.......(...........
......†b...........
#KS..(.......
#S####)..%..) #@#
......# #.# ..#...#
#.# ... ..# #.#
.#.# .. #.# .#.# #
#.# .#.# ..# ###


You could see 2 adders, a bat and a kobold.

Vanquished Creatures
  An adder (D:2)
  An ooze (D:1)
  A bat (D:1)
  2 giant cockroaches (D:1)
  2 hobgoblins
  4 kobolds (D:1)
  2 ball pythons
  A frilled lizard (D:1)
  2 rats (D:1)
16 creatures vanquished.

Notes
Turn   | Place    | Note
-------+----------+-------------------------------------------
     0 | D:1      | dstrtnsr the Hill Orc Berserker began the quest for the Orb.
     0 | D:1      | Reached XP level 1. HP: 19/19 MP: 1/1
   167 | D:1      | Reached XP level 2. HP: 27/27 MP: 2/2
   482 | D:2      | Reached skill level 5 in Axes
   482 | D:2      | Reached XP level 3. HP: 33/33 MP: 3/3
   494 | D:2      | HP: 13/33 [adder (1)]
   497 | D:2      | HP: 5/33 [poisoned by an adder]
   499 | D:2      | HP: 2/33 [poisoned by an adder]
   500 | D:2      | Slain by an adder

Vault maps used:
D:1:      elethiomel_arrival_shortcut, minmay_misc_feat_enclosed,
          serial_park_tiny_1, serial_bayou_ford_a, minmay_tromino_mix6
D:2:      uniq_sigmund

Skill      XL: |  1  2 |
---------------+-------+-----
Fighting       | 4 |  4.1
Axes           | 5 |  5.1
Armour         | |  2.1
Dodging        | |  1.5

Action                   || total
-------------------------++-------
Melee: Hand axe          ||    47
Invok: Berserk           ||     1
  Use: Scroll            ||     2
Armor: Animal skin       ||     2
       Ring mail         ||    27
Dodge: Dodged            ||    47

Table legend:
 A = Spawn XP
 B = Non-spawn XP
 C = Spawn XP percentage of total XP
 D = Spawn monster count
 E = Non-spawn monster count
 F = Spawn count percentage of total count
 G = Total turns spent on level
                    A         B        C        D         E        F      G
               +---------+---------+-------+---------+---------+-------+---------
         Total |       0 |      39 |   0.0 |       0 |      16 |   0.0 |   500
               +---------+---------+-------+---------+---------+-------+---------
           D:1 |       0 |      23 |   0.0 |       0 |      13 |   0.0 |   474
           D:2 |       0 |      16 |   0.0 |       0 |       3 |   0.0 |    26
               +---------+---------+-------+---------+---------+-------+---------
